 Dungeon Crawl Stone Soup version 0.30.0-20-g3615ddf2f0 (webtiles) character file.

Game seed: 5219492929469904091

420 qw the Chopper (level 6, -5/38 HPs)
             Began as a Gargoyle Fighter on May 31, 2023.
             Slain by an ogre
             ... wielding a +0 giant club
              (19 damage)
             ... on level 5 of the Dungeon.
             The game lasted 00:01:25 (3172 turns).

qw the Chopper (Gargoyle Fighter)                   Turns: 3172, Time: 00:01:25

Health: -5/38      AC: 15    Str: 21    XL:     6   Next: 94%
Magic:  6/6        EV:  8    Int:  9    God:
Gold:   250        SH:  0    Dex:  9    Spells: 5/5 levels left

rFire   . . .        Y - +0 war axe
rCold   . . .        c - +0 buckler
rNeg    + . .        j - +0 chain mail
rPois   inf          (no helmet)
rElec   +            (no cloak)
rCorr   .            l - +0 pair of gloves
SInv    .            n - +0 pair of boots
Will    .....        (no amulet) Stlth
                     (no ring)
HPRegen 0.26/turn    (no ring)
MPRegen 0.10/turn

%: no passive effects
@: confused
A: sickness immunity, AC +4, negative energy resistance 1, electricity
resistance, torment resistance 1, petrification resistance
a: no special abilities


You were on level 5 of the Dungeon.
You visited 1 branch of the dungeon, and saw 5 of its levels.

You collected 250 gold pieces.


Innate Abilities, Weirdness & Mutations

You are immune to sickness and miasma.
Your stone body is resilient. (AC +4)
You are immune to poison.
You resist negative energy. (rN+)
You are resistant to electric shocks. (rElec)
You are resistant to unholy torment.
You are immune to petrification.


   Skills:
 - Level 4.2 Fighting
 + Level 5.6 Axes
 - Level 1.0 Throwing
 - Level 3.2 Armour
 - Level 1.3 Dodging
 - Level 3.2 Shields


You had 5 spell levels left.
You didn't know any spells.
Your spell library was empty.

Inventory:

Hand Weapons
 e - a +0 flail of protection
 Y - a +0 war axe (weapon)
Missiles
 g - 4 javelins (quivered)
 k - 2 boomerangs
Armour
 c - a +0 buckler (worn)
 j - a +0 chain mail (worn)
 l - a +0 pair of gloves (worn)
 n - a +0 pair of boots (worn)
Scrolls
 a - a scroll of identify
 f - 2 scrolls of teleportation
Potions
 d - a potion of might
 h - 2 potions of heal wounds
 i - 3 potions of attraction
 m - a potion of flight {unknown}

Dungeon Overview and Level Annotations

Branches:
Dungeon (5/15)
 Temple: D:4-7

Altars:
Xom

Shops:
D:4 :


Message History

The orc hits you but does no damage. The orc hits you but does no damage.
The phantom hits you but does no damage.
You hear some strange, mumbled words.
A puff of flame appears from out of thin air!
The puff of flame hits you but does no damage.
The orc wizard hits you with a +2 dagger of venom.
The orc completely misses you. The orc wizard closely misses you.
The orc hits you with a +1 war axe of freezing.
The orc freezes you. The orc hits you but does no damage.
3164 ||| DRINKING 3 potions of heal wounds.
You feel much better. The orc hits you but does no damage.
The phantom hits you but does no damage.
Something hits you but does no damage.
The orc wizard hits you but does no damage.
The orc hits you but does no damage. The orc barely misses you.
The orc wizard hits you but does no damage.
The orc hits you with a +1 war axe of freezing.
The orc freezes you. The orc hits you but does no damage.
You hear some strange, mumbled words.
Something tries to affect you, but you resist.
The phantom hits you.
The phantom blinks!
You blink.
The phantom barely misses you. The phantom hits you.
The phantom blinks!
You blink.
The phantom hits you but does no damage.
The phantom hits you but does no damage.
The orc wizard gestures wildly while chanting.
The orc wizard flickers and vanishes!
The phantom hits you.
The phantom blinks!
You blink.
The orc wizard gestures at you while chanting.
The magic dart hits you. The phantom barely misses you.
The orc hits you with a +0 falchion. The ogre closely misses you.
The orc hits you but does no damage. The phantom barely misses you.
The orc barely misses you.
The ogre hits you with a +0 giant club!!
Ouch! That really hurt!
You die...

..........##########
#..................#
#..?...)...>.......#
#.......)..........#
#......<..h........#
.......o...........#
#..<.....#oo.o.....#
#..(.....#..Oo.....#
##########..o@.....#
#...W.....#
###########


You could see a black bear, an ogre, a phantom, an orc wizard and 4 orcs.

Vanquished Creatures
  A black bear (D:4)
  2 jellies (D:4)
  Jessica (D:3)
  A sleepcap (D:4)
  2 iguanas (D:4)
  An orc wizard (D:3)
  3 gnolls
  5 adders
  A worm (D:4)
  3 dart slugs
  8 orcs
  2 bats (D:3)
  5 endoplasms
  2 goblins
  2 hobgoblins
  10 jackals
  5 kobolds
  A quokka (D:1)
  7 ball pythons
  A frilled lizard (D:3)
  4 rats
67 creatures vanquished.

Vanquished Creatures (others)
  An orc (D:5)
1 creature vanquished.

Grand Total: 68 creatures vanquished

Notes
Turn   | Place    | Note
-------+----------+-------------------------------------------
     0 | D:1      | qw the Gargoyle Fighter began the quest for the Orb.
     0 | D:1      | Reached XP level 1. HP: 14/14 MP: 1/1
     0 | D:1      | 0 ||| qw: Version: 0.2-a-102-gfc559e5
     0 | D:1      | 0 ||| qw: Game counter: 595
     0 | D:1      | 0 ||| qw: Always use a shield: true
     0 | D:1      | 0 ||| qw: God list: Okawaru
     0 | D:1      | 0 ||| qw: Allow faded altars: false
     0 | D:1      | 0 ||| qw: Do Orc after D:15 true
     0 | D:1      | 0 ||| qw: Do second Lair branch before Depths: true
     0 | D:1      | 0 ||| qw: Lair rune preference: random
     0 | D:1      | 0 ||| qw: Plans: Normal, Zot:1-4, Slime:5, God:TSO, Crypt,
                  | Tomb, Pan, Hells, Abyss, Win
     0 | D:1      | 0 ||| PLANNING D:1-11
    43 | D:1      | Reached skill level 2 in Axes
    43 | D:1      | Reached XP level 2. HP: 19/19 MP: 2/2
    85 | D:1      | 85 ||| Stepping ~*~*~tactically~*~*~ (stealth).
   124 | D:1      | 124 ||| Stepping ~*~*~tactically~*~*~ (stealth).
   136 | D:1      | Reached skill level 3 in Axes
   215 | D:1      | Reached XP level 3. HP: 23/23 MP: 3/3
   500 | D:1      | 500 ||| DROPPING scarf of harm.
   501 | D:1      | 501 ||| READING scroll labelled UHEUSEFF FIUSK.
   725 | D:2      | Reached skill level 1 in Throwing
   872 | D:2      | 872 ||| Stepping ~*~*~tactically~*~*~ (hiding).
   980 | D:2      | Found a faded altar of an unknown god.
  1018 | D:2      | Reached XP level 4. HP: 28/28 MP: 4/4
  1315 | D:2      | 1315 ||| READING 3 scrolls labelled HAWEM VITZ.
  1316 | D:2      | 1316 ||| READING 2 scrolls of identify.
  1316 | D:2      | 1316 ||| IDENTIFYING bubbling puce potion
  1387 | D:3      | 1387 ||| Stepping ~*~*~tactically~*~*~ (stealth).
  1393 | D:3      | 1393 ||| Stepping ~*~*~tactically~*~*~ (hiding).
  1394 | D:3      | 1394 ||| Stepping ~*~*~tactically~*~*~ (hiding).
  1403 | D:3      | Reached skill level 4 in Axes
  1408 | D:3      | 1408 ||| DRINKING potion of curing.
  1408 | D:3      | 1408 ||| (to cure confusion)
  1410 | D:3      | HP: 6/28 [gnoll/+0 halberd (5)]
  1411 | D:3      | 1411 ||| READING 3 scrolls of teleportation.
  1413 | D:3      | Reached XP level 5. HP: 8/32 MP: 5/5
  1493 | D:3      | 1493 ||| Stepping ~*~*~tactically~*~*~ (stealth).
  1496 | D:3      | 1496 ||| Stepping ~*~*~tactically~*~*~ (stealth).
  1497 | D:3      | 1497 ||| Stepping ~*~*~tactically~*~*~ (stealth).
  1498 | D:3      | 1498 ||| Stepping ~*~*~tactically~*~*~ (stealth).
  1546 | D:3      | 1546 ||| Stepping ~*~*~tactically~*~*~ (stealth).
  1549 | D:3      | 1549 ||| Stepping ~*~*~tactically~*~*~ (stealth).
  1585 | D:3      | 1585 ||| Stepping ~*~*~tactically~*~*~ (hiding).
  1586 | D:3      | 1586 ||| Stepping ~*~*~tactically~*~*~ (hiding).
  1630 | D:3      | 1630 ||| FLEEEEING.
  1631 | D:3      | 1631 ||| FLEEEEING.
  1632 | D:3      | 1632 ||| FLEEEEING.
  1633 | D:3      | 1633 ||| FLEEEEING.
  1634 | D:3      | 1634 ||| FLEEEEING.
  1635 | D:3      | 1635 ||| FLEEEEING.
  1636 | D:3      | 1636 ||| FLEEEEING.
  1637 | D:3      | 1637 ||| FLEEEEING.
  1638 | D:3      | 1638 ||| FLEEEEING.
  1676 | D:3      | 1676 ||| Stepping ~*~*~tactically~*~*~ (stealth).
  1712 | D:3      | 1712 ||| Stepping ~*~*~tactically~*~*~ (hiding).
  1771 | D:3      | Noticed Jessica
  1779 | D:3      | Killed Jessica
  1827 | D:3      | 1827 ||| DROPPING +0 whip.
  1838 | D:3      | 1838 ||| Stepping ~*~*~tactically~*~*~ (stealth).
  1968 | D:3      | Identified the ring of Yredelemnul's Reproof {Fly rN+
                  | Int+3}
  1969 | D:3      | 1969 ||| Stepping ~*~*~tactically~*~*~ (stealth).
  1971 | D:3      | 1971 ||| Stepping ~*~*~tactically~*~*~ (stealth).
  2012 | D:3      | 2012 ||| Stepping ~*~*~tactically~*~*~ (stealth).
  2223 | D:3      | Found a shimmering altar of Xom.
  2284 | D:3      | 2284 ||| READING scroll labelled CAOHEA ECWUUQA.
  2285 | D:3      | 2285 ||| READING scroll labelled QAUFAB XEFELANK.
  2286 | D:3      | 2286 ||| DRINKING 3 yellow potions.
  2287 | D:3      | 2287 ||| READING 3 scrolls of identify.
  2287 | D:3      | 2287 ||| IDENTIFYING bubbling amethyst potion
  2288 | D:3      | 2288 ||| READING 2 scrolls of identify.
  2288 | D:3      | 2288 ||| IDENTIFYING glowing amethyst potion
  2289 | D:3      | 2289 ||| DROPPING potion of ambrosia.
  2369 | D:4      | 2369 ||| Stepping ~*~*~tactically~*~*~ (stealth).
  2376 | D:4      | Reached skill level 5 in Axes
  2381 | D:4      | 2381 ||| DROPPING +0 flail.
  2387 | D:4      | 2387 ||| Stepping ~*~*~tactically~*~*~ (stealth).
  2424 | D:4      | 2424 ||| Stepping ~*~*~tactically~*~*~ (stealth).
  2432 | D:4      | Reached XP level 6. HP: 34/38 MP: 6/6
  2646 | D:4      | Reached skill level 1 in Dodging
  2898 | D:4      | Found Peiroj's Book Shop.
  2927 | D:4      | Noticed a black bear
  2941 | D:4      | Killed a black bear
  3117 | D:4      | 3117 ||| UPGRADING to +0 chain mail.
  3127 | D:4      | 3127 ||| DROPPING +0 scale mail.
  3128 | D:4      | 3128 ||| UPGRADING to +0 pair of gloves.
  3133 | D:4      | 3133 ||| UPGRADING to +0 pair of boots.
  3146 | D:5      | Entered Level 5 of the Dungeon
  3150 | D:5      | Noticed a black bear
  3163 | D:5      | HP: 9/38 [orc/+1 war axe of freezing (1)]
  3164 | D:5      | 3164 ||| DRINKING 3 potions of heal wounds.
  3172 | D:5      | Slain by an ogre

Levels and vault maps discovered:
D:1:      lemuel_arrival_river_ford, layout_rooms, minmay_domino_2
D:2:      layout_loops_ring, ebering_ecumenical_altar_webs
D:3:      layout_loops_ring, xom_teletrap_fun, uniq_jessica
D:4:      layout_basic, serial_shops, nicolae_shop_trees
D:5:      layout_rooms, uniq_sigmund

Skill      XL: |  1  2  3  4  5  6 |
---------------+-------------------+-----
Axes           | 2 3 4 5 |  5.6
Throwing       | 1 |  1.0
Fighting       | 4 |  4.2
Dodging        | 1 |  1.3
Armour         | |  3.2
Shields        | |  3.2

Action                     |  1- 3 |  4- 6 || total
---------------------------+-------+-------++-------
  Melee: War axe           |    66 |   112 ||   178
  Throw: Javelin           |     5 |    35 ||    40
         Boomerang         |       |     2 ||     2
    Use: Scroll            |     1 |     7 ||     8
         Potion            |       |     3 ||     3
 Armour: Scale mail        |    35 |    80 ||   115
         Chain mail        |       |    65 ||    65
  Dodge: Dodged            |    32 |    80 ||   112
  Block: Buckler           |    18 |    21 ||    39

Table legend:
 A = Non-vault XP
 B = Vault XP
 C = Vault XP percentage of total XP
 D = Non-vault monster count
 E = Vault monster count
 F = Vault count percentage of total count
                 A         B        C        D         E       F
            +---------+---------+-------+---------+---------+-------
      Total |     560 |      41 |   6.8 |      64 |       3 |   4.5
            +---------+---------+-------+---------+---------+-------
        D:1 |      38 |       4 |   9.5 |      15 |       2 |  11.8
        D:2 |      56 |       0 |   0.0 |      11 |       0 |   0.0
        D:3 |     119 |      37 |  23.7 |      20 |       1 |   4.8
        D:4 |     344 |       0 |   0.0 |      17 |       0 |   0.0
        D:5 |       3 |       0 |   0.0 |       1 |       0 |   0.0
            +---------+---------+-------+---------+---------+-------
